 Dungeon Crawl Stone Soup version 0.21-a0-460-g737a915 (webtiles) character file.

4211 slep the Basher (level 10, -7/90 HPs)
             Began as a Minotaur Monk on Nov 21, 2017.
             Was a High Priest of Okawaru.
             Mangled by an orc warrior
             ... wielding a +0 war axe
              (16 damage)
             ... on level 8 of the Dungeon.
             The game lasted 00:35:59 (5997 turns).

slep the Basher (Minotaur Monk)                     Turns: 5997, Time: 00:36:00

Health: -7/90      AC: 12    Str: 16    XL:     10   Next: 8%
Magic:  18/18      EV: 10    Int:  7    God:    Okawaru [*****.]
Gold:   314        SH:  0    Dex: 16    Spells: 9/9 levels left

rFire    . . .     SeeInvis .   H - +1 trident (venom)
rCold    . . .     Gourm    .   (no shield)
rNeg     . . .     Faith    .   z - +1 chain mail {MR+}
rPois    .         Spirit   .   (helmet restricted)
rElec    .         Reflect  .   (no cloak)
rCorr    +         Harm     .   (no gloves)
MR       +....                  (no boots)
Stlth    ..........             (no amulet)
HPRegen  0.25/turn              B - ring of magical power
MPRegen  0.16/turn              p - ring of resist corrosion

@: no status effects
A: retaliatory headbutt, horns 2, screaming 1
a: Heroism, Finesse, Renounce Religion


You were on level 8 of the Dungeon.
You worshipped Okawaru.
Okawaru was extremely pleased with you.
You were hungry.

You visited 1 branch of the dungeon, and saw 8 of its levels.
You also visited: Ossuary.

You collected 314 gold pieces.

Inventory:

Hand Weapons
 a - a +0 falchion
 e - a +1 dagger of venom
 m - a +1 whip of electrocution
 r - a +0 blowgun
 s - a +2 hunting sling of flaming
 F - a +2 short sword of venom
 H - a +1 trident of venom (weapon)
 O - the +2 hunting sling of Impatience {speed, rElec Str+4 Int-3}
   (You found it on level 7 of the Dungeon)

   Attacks with this weapon are significantly faster.
   It affects your strength (+4).
   It affects your intelligence (-3).
   It insulates you from electricity.
Missiles
 h - 14 javelins (quivered)
 n - 40 poisoned needles
 v - 7 tomahawks
 P - a throwing net
 Q - 79 stones
Armour
 b - a +0 robe
 g - a +0 chain mail
 z - a +1 chain mail of magic resistance (worn)
Jewellery
 p - a ring of resist corrosion (right hand)
 B - a ring of magical power (left hand)
 D - an uncursed ring of magical power
 R - an uncursed ring of magical power
Wands
 k - a wand of iceblast (13)
 G - a wand of random effects (27)
Scrolls
 i - 2 scrolls of amnesia {unknown}
 j - 3 scrolls of blinking {unknown}
 l - 7 scrolls of remove curse {unknown}
 o - 8 scrolls of identify {unknown}
 t - 2 scrolls of fog {unknown}
 u - a scroll of brand weapon {unknown}
 y - a scroll of immolation {unknown}
 C - 3 scrolls of teleportation {unknown}
 M - a scroll of acquirement {unknown}
 N - a scroll of enchant weapon {unknown}
Potions
 q - a potion of agility
 w - 3 potions of degeneration
 x - 5 potions of heal wounds
 A - 2 potions of flight
 E - a potion of resistance
 I - a potion of might {unknown}
Books
 J - a book of Summonings

   Spells                             Type                      Level
   a - Recall                         Summoning/Translocation      3
   b - Aura of Abjuration             Summoning                    5
   c - Summon Demon                   Summoning                    5
   d - Summon Forest                  Summoning/Translocation      5
   e - Summon Mana Viper              Hexes/Summoning              5
   f - Shadow Creatures               Summoning                    6
Comestibles
 c - 8 bread rations
 d - 5 meat rations
 f - 2 royal jellies
 K - 4 fruits


   Skills:
 + Level 8.5 Fighting
 + Level 7.1 Long Blades
 + Level 9.9 Maces & Flails
 + Level 1.1 Polearms
 + Level 2.9 Throwing
 + Level 8.3 Armour
 + Level 5.1 Dodging
 + Level 2.2 Stealth


You had 9 spell levels left.
You didn't know any spells.

Dungeon Overview and Level Annotations

Branches:
Dungeon (8/15)             Temple (0/1) D:7
   Lair: D:8-11

Altars:
Hepliaklqana
Okawaru
Qazlal
Vehumet

Shops:
D:6 [


Innate Abilities, Weirdness & Mutations

You reflexively headbutt those who attack you in melee.
You have a pair of horns on your head.
You occasionally shout uncontrollably at your foes.


Message History

The orc warrior hits you with a war axe.
* * * LOW HITPOINT WARNING * * *
An orc comes into view. It is wielding a falchion.
The orc shouts!
Attack whom?
Press: ? - help, Dir - move target cursor, f/p - orc warrior
Aim: an orc warrior, wielding a war axe and wearing a plate armour (severely wounded, poisoned)
You reach to attack!
You hit the orc warrior.
The orc warrior looks as sick as possible!
The orc warrior is severely wounded.
The orc warrior hits you with a war axe!
* * * LOW HITPOINT WARNING * * *
Attack whom?
Press: ? - help, Dir - move target cursor, f - orc, p - orc warrior
Aim: an orc, wielding a club and wearing a runed leather armour You reach to attack!
You puncture the orc!
You kill the orc!
Okawaru accepts your kill.
The orc warrior hits you with a war axe!
You die...

#. #.)...........
#.##......[.....[
#####................
......#......../.....
#.o...............
###..o.........?.#
#)o.)....#######
##o....### ##@....##
#<......# #.......#
#.......# ##.....##
##...## #####


You could see an orc warrior and 3 orcs.

Vanquished Creatures
  A two-headed ogre (D:8)
  The ghost of isock the Poker, a novice GnWn of Trog (D:5)
  A hippogriff (D:7)
  Sigmund (D:2)
  Eustachio (D:4)
  2 sky beasts (D:7)
  An orc warrior (D:7)
  4 ice beasts
  3 ogres
  2 elf zombies (Ossuary)
  A big kobold (D:7)
  A bullfrog (D:7)
  3 scorpions
  A howler monkey (D:6)
  A centaur zombie (Ossuary)
  4 hounds
  A bullfrog zombie (D:7)
  4 crimson imps
  A jelly (D:6)
  4 orc priests
  A human zombie (Ossuary)
  7 orc wizards
  A centaur skeleton (D:5)
  2 iguanas
  Ijyb (D:4)
  Terence (D:3)
  A worker ant (D:5)
  2 big kobold zombies (Ossuary)
  A hound zombie (D:6)
  2 hound skeletons
  2 mummies (Ossuary)
  Robin (D:3)
  A worker ant zombie (D:5)
  4 gnolls (D:7)
  11 adders
  A shadow imp (D:7)
  An adder skeleton (D:5)
  An adder zombie (Ossuary)
  3 worms
  5 leopard geckos
  19 orcs
  6 bats
  A giant cockroach (D:2)
  13 goblins
  6 hobgoblins
  11 jackals
  A quokka (D:2)
  2 ball pythons
  6 frilled lizards
  11 hobgoblin zombies (Ossuary)
  A jackal zombie (Ossuary)
  11 kobolds
  9 kobold zombies (Ossuary)
  6 orc zombies (Ossuary)
  9 rats
  2 rat zombies (Ossuary)
201 creatures vanquished.

Notes
Turn   | Place    | Note
-------+----------+-------------------------------------------
     0 | D:1      | slep the Minotaur Monk began the quest for the Orb.
     0 | D:1      | Reached XP level 1. HP: 19/19 MP: 0/0
   122 | D:1      | Reached XP level 2. HP: 22/27 MP: 1/1
   255 | D:2      | Reached XP level 3. HP: 29/33 MP: 2/2
   528 | D:3      | Noticed Robin
   578 | D:2      | Reached skill level 5 in Long Blades
   578 | D:2      | Reached XP level 4. HP: 29/41 MP: 3/3
   769 | D:3      | Found a stormy altar of Qazlal.
   782 | D:3      | Noticed Terence
   841 | D:4      | Reached skill level 1 in Armour
   846 | D:4      | Reached XP level 5. HP: 20/47 MP: 4/4
  1034 | D:4      | Found a radiant altar of Vehumet.
  1072 | D:4      | Noticed an ogre
  1111 | D:4      | Killed an ogre
  1111 | D:4      | Reached skill level 5 in Fighting
  1111 | D:4      | Reached skill level 1 in Maces & Flails
  1123 | D:4      | Noticed Ijyb
  1133 | D:4      | Killed Ijyb
  1133 | D:4      | Reached XP level 6. HP: 32/56 MP: 5/5
  1151 | D:4      | Noticed Eustachio
  1160 | D:5      | Entered Level 5 of the Dungeon
  1176 | D:5      | Reached skill level 2 in Maces & Flails
  1240 | D:5      | Noticed an ice beast
  1250 | D:5      | Reached skill level 1 in Throwing
  1254 | D:5      | Killed an ice beast
  1311 | D:5      | Reached skill level 3 in Maces & Flails
  1313 | D:5      | Reached XP level 7. HP: 10/61 MP: 6/6
  1446 | D:5      | Found a sand-covered staircase.
  1451 | Ossuary  | Entered an ossuary
  1762 | Ossuary  | Reached skill level 4 in Maces & Flails
  1988 | D:5      | Reached skill level 5 in Maces & Flails
  2176 | D:5      | You fall through a shaft!
  2200 | D:6      | Found Jompefoa's Armour Shoppe.
  2205 | D:6      | Found an iron altar of Okawaru.
  2216 | D:6      | Became a worshipper of Warmaster Okawaru
  2216 | D:6      | Reached * piety under Okawaru
  2216 | D:6      | Reached ** piety under Okawaru
  2298 | D:6      | Reached XP level 8. HP: 68/70 MP: 7/7
  2809 | D:4      | Killed Eustachio
  2809 | D:4      | Reached skill level 6 in Maces & Flails
  2809 | D:4      | Reached skill level 5 in Armour
  2863 | D:3      | Killed Terence
  2962 | D:3      | Killed Robin
  3501 | D:2      | Noticed Sigmund
  3505 | D:2      | Killed Sigmund
  4251 | D:5      | Noticed isock's ghost (novice GnWn)
  4279 | D:5      | Killed isock's ghost
  4279 | D:5      | Reached *** piety under Okawaru
  4279 | D:5      | Reached skill level 8 in Maces & Flails
  4279 | D:5      | Reached XP level 9. HP: 65/79 MP: 8/8
  4463 | D:6      | Found a hazy altar of Hepliaklqana.
  4733 | D:7      | Gained mutation: You are dopey. (Int -2) [mutagenic meat]
  4734 | D:7      | Gained mutation: You occasionally shout uncontrollably at your foes. [mutagenic meat]
  4830 | D:7      | Found a radiant altar of Vehumet.
  4867 | D:7      | Reached skill level 9 in Maces & Flails
  4948 | D:7      | Reached **** piety under Okawaru
  5487 | D:7      | Got an ancient hunting sling
  5501 | D:7      | Identified the +2 hunting sling of Impatience {speed, rElec Str+4 Int-3} (You found it on level 7 of the Dungeon)
  5573 | D:7      | Reached skill level 5 in Dodging
  5578 | D:7      | Lost mutation: You are dopey. (Int -2) [mutagenic meat]
  5649 | D:7      | Found a staircase to the Ecumenical Temple.
  5913 | D:8      | Noticed a two-headed ogre
  5939 | D:8      | Killed a two-headed ogre
  5939 | D:8      | Reached ***** piety under Okawaru
  5939 | D:8      | Reached skill level 1 in Polearms
  5939 | D:8      | Reached XP level 10. HP: 29/90 MP: 9/9
  5997 | D:8      | Mangled by an orc warrior

Vault maps used:
D:1:      lemuel_arrival_room, minmay_misc_feat_pillars, minmay_statues_item,
          hangedman_decor_opposing
D:2:      uniq_sigmund
D:3:      grunt_qazlal_clouds, feat_on_display, uniq_robin, uniq_terence
D:4:      vehumet_crystals, minmay_item_behind_shaft, uniq_eustachio, uniq_ijyb
D:5:      enter_ossuary_5, first_bread, nrook_uturn
D:6:      old_standard_altar, lemuel_doored_altar, serial_shops, shop,
          minmay_misc_feat_iff
D:7:      minmay_temple_entry_fiery, basic_altar, grunt_ogre_cave
D:8:      tso_metal_star, makhleb_blood_cavern_becter, zin_academy,
          gammafunk_temple_overflow_pools, grunt_lair_entry_orc_guard_hut,
          uniq_prince_ribbit1
Ossuary:  ossuary_tomb_1

Skill      XL: |  1  2  3  4  5  6  7  8  9 |
---------------+----------------------------+-----
Long Blades    | 4 5 6 7 |  7.1
Fighting       | 4 5 7 8 |  8.5
Armour         | 1 2 3 4 6 8 |  8.3
Maces & Flails | 1 3 5 8 9 |  9.9
Throwing       | 1 2 |  2.9
Dodging        | 4 5 |  5.1
Stealth        | 2 |  2.2
Polearms       | 1 |  1.1

Action                   |  1- 3 |  4- 6 |  7- 9 | 10-12 || total
-------------------------+-------+-------+-------+-------++-------
Melee: Falchion          |    59 |       |    96 |       ||   155
       Headbutt          |    11 |    13 |    95 |     1 ||   120
       Whip              |    20 |    64 |   350 |       ||   434
       Dagger            |       |    11 |       |       ||    11
       Trident           |       |       |    25 |    13 ||    38
 Fire: Blowgun           |       |     3 |     2 |       ||     5
Throw: Javelin           |       |     4 |    10 |       ||    14
  Use: Potion            |       |     3 |     8 |       ||    11
  Eat: Chunk             |       |     1 |    18 |       ||    19
Armor: Robe              |     3 |       |       |       ||     3
       Chain mail        |    30 |    31 |   215 |     3 ||   279
       Skin              |       |       |    10 |       ||    10
Dodge: Dodged            |    28 |    20 |   151 |     2 ||   201
       Rpst.: Falchion   |     7 |       |     4 |       ||    11

Table legend:
 A = Spawn XP
 B = Non-spawn XP
 C = Spawn XP percentage of total XP
 D = Spawn monster count
 E = Non-spawn monster count
 F = Spawn count percentage of total count
 G = Total turns spent on level
                    A         B        C        D         E        F      G
               +---------+---------+-------+---------+---------+-------+---------
         Total |       0 |    6017 |   0.0 |       0 |     201 |   0.0 |  5997
               +---------+---------+-------+---------+---------+-------+---------
           D:1 |       0 |      30 |   0.0 |       0 |      19 |   0.0 |   511
           D:2 |       0 |     336 |   0.0 |       0 |      26 |   0.0 |   706
           D:3 |       0 |      74 |   0.0 |       0 |      16 |   0.0 |   629
           D:4 |       0 |     492 |   0.0 |       0 |      14 |   0.0 |  1013
           D:5 |       0 |    1407 |   0.0 |       0 |      26 |   0.0 |   986
           D:6 |       0 |     402 |   0.0 |       0 |      12 |   0.0 |   423
           D:7 |       0 |    1907 |   0.0 |       0 |      46 |   0.0 |  1203
           D:8 |       0 |     961 |   0.0 |       0 |       4 |   0.0 |    86
       Ossuary |       0 |     408 |   0.0 |       0 |      38 |   0.0 |   440
               +---------+---------+-------+---------+---------+-------+---------
